Map: 라이트쉐이드 - 래더

Players

Bunny - Winner!

  • Race: Terran Terran
  • Spawn Location: 11:00

goblin

  • Race: Protoss Protoss
  • League: Master
  • Spawn Location: 5:00

Event: StayAtHome Story Cup #3

VOD

Have the link to the VOD?

Description

Time

  • Played on: March 11, 2021, 8:24 a.m.
  • Length: 10:31

All games in this series

Show
View Real Time Build Order
Export as new Build Order

Bunny Terran - Winner!

Build Orders: 1/1/1, Cyclone Opening 

Get SALT Encoding   

  12  0:00  SCV  
  13  0:12  SCV  
  14  0:17  Supply Depot  
  14  0:24  SCV  
  15  0:39  SCV  
  15  0:40  Barracks  
  15  0:42  Refinery  
  16  0:51  SCV  
  16  0:52  Refinery  
  17  1:03  SCV  
  18  1:15  SCV  
  19  1:28  Reaper, Orbital Command  
  19  1:29  Supply Depot  
  20  1:40  Factory  
  20  1:53  SCV  
  21  2:00  Barracks Reactor  
  21  2:05  SCV  
  22  2:17  SCV  
  23  2:24  Factory Tech Lab  
  23  2:27  Starport  
  23  2:30  SCV  
  23  2:33  Bunker  
  24  2:37  Marine x2  
  24  2:40  Supply Depot  
  24  2:42  SCV  
  24  2:43  Cyclone  
  30  2:55  Marine  
  31  3:02  SCV, Marine, Supply Depot  
  33  3:07  Viking  
  35  3:15  Cyclone  
  38  3:28  Supply Depot  
  38  3:29  Marine  
  38  3:30  Marine  
  40  3:38  Viking  
  42  3:47  Cyclone  
  45  3:51  Marine x2  
  42  3:57  SCV  
  43  4:08  Viking  
  42  4:10  Marine x2  
  42  4:19  Cyclone  
  45  4:27  Marine  
  45  4:28  Marine  
  47  4:36  Command Center  
  47  4:40  Medivac  
  49  4:50  SCV  
  49  4:51  Cyclone  
  53  5:05  SCV  
  54  5:07  Supply Depot x2  
  54  5:13  Marine  
  54  5:14  Marine  
  55  5:29  Viking  
  55  5:32  SCV  
  58  5:36  Cyclone  
  61  5:48  Marine x2  
  63  5:51  Orbital Command  
  63  5:59  Viking  
  63  6:03  SCV  
  66  6:06  Marine  
  67  6:11  Orbital Command  
  67  6:13  Siege Tank  
  67  6:17  SCV  
  71  6:22  Marine  
  71  6:24  Marine  
  73  6:29  SCV  
  74  6:33  Starport Tech Lab  
  74  6:34  Engineering Bay  
  74  6:38  SCV  
  75  6:41  SCV  
  75  6:43  Marine x2  
  78  6:50  SCV  
  78  6:51  Raven  
  78  6:53  SCV  
  82  6:56  Supply Depot  
  85  7:01  Marine, Siege Tank  
  85  7:05  Supply Depot  
  86  7:12  SCV x2  
  86  7:13  Marine  
  86  7:17  Supply Depot  
  86  7:22  Marine  
  81  7:26  SCV x2  
  81  7:27  Barracks  
  81  7:29  Terran Infantry Weapons Level 1  
  83  7:31  Barracks, Marine  
  84  7:40  Supply Depot  
  84  7:42  Siege Tank  
  84  7:44  Marine  
  87  7:49  Marine  
  87  7:53  SCV x2  
  89  8:02  Marine  
  89  8:04  Refinery  
  89  8:05  Refinery  
  90  8:07  Starport Reactor, Marine  
  91  8:14  Command Center  
  91  8:15  Siege Tank  
  91  8:18  SCV x2  
  95  8:23  Barracks Tech Lab  
  73  8:34  Stimpack  
  93  8:35  Marine x3  
  96  8:43  Supply Depot  
  96  8:45  Combat Shield  
  96  8:46  Marine  
  97  8:51  SCV x2  
  97  8:53  Marine x3, Medivac  
  103  8:59  Supply Depot  
  103  9:02  Medivac  
  105  9:06  Marauder  
  107  9:11  Marine x2  
  107  9:12  Marauder  
  111  9:19  Supply Depot  
  111  9:27  Orbital Command  
  111  9:28  Marauder  
  111  9:29  Marine x2  
  115  9:33  Medivac  
  115  9:38  Medivac  
  118  9:45  Marauder  
  120  9:47  Marine x2  
  120  9:49  Marauder  
  124  9:52  Barracks  
  124  9:53  Barracks  
  124  9:57  Orbital Command  
Show
View Real Time Build Order
Export as new Build Order

goblin Protoss 

Build Orders: Proxy Void Ray 

Get SALT Encoding   

  12  0:08  Pylon  
  12  0:13  Probe  
  13  0:26  Gateway  
  13  0:30  Probe (Chrono Boost)  
  14  0:39  Probe (Chrono Boost)  
  14  0:40  Assimilator  
  15  0:44  Probe (Chrono Boost)  
  16  0:50  Assimilator  
  16  0:56  Probe  
  17  1:08  Probe  
  18  1:13  Cybernetics Core  
  18  1:20  Probe, Pylon  
  19  1:33  Probe  
  20  1:45  Probe  
  21  1:49  Stargate  
  21  1:51  Adept  
  23  1:57  Probe  
  23  2:01  Pylon  
  24  2:09  Probe  
  25  2:18  Warp Gate  
  25  2:25  Void Ray (Chrono Boost)  
  25  2:31  Stalker  
  31  2:55  Void Ray (Chrono Boost)  
  35  3:11  Pylon  
  35  3:19  Pylon  
  35  3:22  Void Ray (Chrono Boost)  
  39  3:36  Shield Battery  
  39  3:42  Shield Battery  
  35  3:57  Void Ray  
  35  4:00  Shield Battery  
  35  4:03  Nexus  
  39  4:19  Probe  
  40  4:24  Twilight Council  
  40  4:25  Shield Battery  
  40  4:31  Stalker  
  40  4:37  Probe  
  43  4:45  Gateway  
  43  4:49  Probe  
  44  4:58  Blink (Chrono Boost)  
  44  5:08  Pylon  
  44  5:15  Stalker  
  44  5:17  Probe  
  44  5:20  Probe  
  48  5:29  Probe  
  48  5:31  Shield Battery  
  48  5:32  Probe  
  50  5:41  Probe  
  51  5:44  Probe  
  49  5:51  Stalker  
  49  5:52  Stalker  
  53  6:00  Probe x2  
  55  6:06  Pylon  
  55  6:18  Stalker x2  
  59  6:23  Pylon  
  59  6:25  Probe  
  60  6:27  Shield Battery  
  60  6:31  Probe  
  61  6:37  Probe  
  62  6:44  Stalker x2  
  66  6:48  Pylon  
  66  6:49  Probe x2 (Chrono Boost)  
  68  7:01  Probe x2 (Chrono Boost), Gateway  
  70  7:02  Charge  
  71  7:08  Probe x2 (Chrono Boost)  
  72  7:27  Pylon x2, Assimilator  
  72  7:30  Assimilator  
  72  7:31  Robotics Facility  
  72  7:45  Probe x2, Pylon  
  72  7:50  Stalker x2  
  74  7:53  Shield Battery  
  74  7:57  Stalker  
  76  8:03  Probe x2  
  77  8:09  Stalker  
  77  8:11  Nexus  
  79  8:15  Stalker  
  79  8:18  Stalker  
  83  8:22  Observer  
  83  8:23  Probe  
  83  8:28  Probe (Chrono Boost)  
  84  8:35  Probe (Chrono Boost)  
  84  8:39  Gateway  
  85  8:42  Gateway x2  
  85  8:44  Probe (Chrono Boost)  
  85  8:48  Observer  
  87  8:49  Probe (Chrono Boost)  
  87  8:53  Pylon  
  88  9:05  Templar Archives  
  88  9:08  Forge  
  88  9:10  Sentry  
  90  9:20  Immortal  
  96  9:24  Probe (Chrono Boost)  
  96  9:26  Probe x2 (Chrono Boost)  
  96  9:28  Zealot x2  
  101  9:35  Probe (Chrono Boost)  
  101  9:36  Probe x2 (Chrono Boost)  
  104  9:40  Zealot x3  
  104  9:45  Zealot  
  112  9:46  Probe  
  112  9:51  Shield Battery  
  112  9:52  Shield Battery  
  113  10:02  Zealot x2  
  89  10:17  Zealot x4  
Tags
 
Add a new tag
Caveats
  • Supply blocks, unpowered buildings, or Contaminate may cause inaccurate times.
  • Supply counts are checked every 10 seconds.